Map: Daybreak LE (Void)

Players

Fropez

  • Race: Protoss Protoss
  • League: Gold
  • Spawn Location: 1:00

Kfaz - Winner!

  • Race: Zerg Zerg
  • League: Gold
  • Spawn Location: 7:00

VOD

Have the link to the VOD?

Description

Time

  • Played on: Dec. 24, 2016, 5:16 p.m.
  • Length: 5:20
Show
View Real Time Build Order
Export as new Build Order

Fropez Protoss 

Build Orders: 1 Gate Expand 

Get SALT Encoding   

  12  0:09  Probe (Chrono Boost)  
  13  0:20  Probe (Chrono Boost)  
  14  0:25  Pylon  
  14  0:31  Probe (Chrono Boost)  
  15  0:43  Probe (Chrono Boost)  
  15  0:44  Gateway  
  16  0:54  Probe (Chrono Boost), Assimilator  
  18  1:04  Probe (Chrono Boost)  
  18  1:15  Probe (Chrono Boost)  
  19  1:23  Nexus  
  19  1:38  Cybernetics Core  
  19  1:51  Pylon  
  18  1:58  Probe (Chrono Boost)  
  19  2:08  Probe (Chrono Boost)  
  19  2:13  Gateway  
  19  2:14  Adept  
  22  2:22  Mothership Core (Chrono Boost)  
  24  2:28  Assimilator  
  24  2:38  Probe (Chrono Boost)  
  24  2:40  Probe (Chrono Boost)  
  24  2:41  Adept  
  28  2:48  Warp Gate  
  28  2:49  Probe (Chrono Boost)  
  29  2:53  Probe (Chrono Boost)  
  29  2:57  Pylon  
  30  3:00  Probe (Chrono Boost)  
  30  3:01  Adept  
  33  3:10  Probe (Chrono Boost)  
  33  3:12  Probe (Chrono Boost)  
  35  3:18  Adept  
  37  3:25  Probe (Chrono Boost)  
  38  3:27  Gateway  
  38  3:30  Probe (Chrono Boost), Assimilator  
  34  3:55  Adept x2, Probe (Chrono Boost)  
  28  4:13  Pylon, Probe (Chrono Boost)  
  28  4:14  Probe (Chrono Boost)  
  30  4:31  Probe (Chrono Boost)  
  32  4:32  Probe (Chrono Boost)  
  32  4:35  Twilight Council  
  23  4:50  Pylon  
  23  4:51  Adept  
  21  5:04  Adept  
  21  5:17  Adept x2  
Show
View Real Time Build Order
Export as new Build Order

Kfaz Zerg - Winner!

Build Orders: Hatch First 

Get SALT Encoding   

  12  0:01  Drone  
  13  0:17  Overlord  
  13  0:21  Drone  
  15  0:35  Drone  
  15  0:36  Drone  
  15  0:42  Drone  
  17  0:50  Drone  
  18  1:02  Extractor  
  18  1:03  Hatchery  
  16  1:17  Spawning Pool  
  15  1:26  Drone  
  15  1:27  Drone  
  17  1:40  Drone  
  17  1:41  Drone  
  19  1:57  Drone  
  20  2:03  Metabolic Boost  
  20  2:04  Queen  
  22  2:10  Overlord  
  22  2:16  Zergling x4  
  24  2:30  Zergling x4  
  26  2:40  Zergling x4  
  28  2:45  Queen, Zergling x2  
  30  2:53  Zergling x4  
  30  2:58  Zergling x2  
  33  3:06  Zergling x2  
  33  3:09  Overlord  
  34  3:18  Zergling x2  
  35  3:26  Zergling x2  
  36  3:27  Overlord x2  
  35  3:45  Zergling x10  
  37  4:01  Zergling x4  
  37  4:02  Zergling x10  
  38  4:17  Queen  
  38  4:18  Drone  
  38  4:19  Drone  
  38  4:40  Zergling x10  
  38  5:01  Zergling x10  
Tags
 
Add a new tag
Caveats
  • Supply blocks, unpowered buildings, or Contaminate may cause inaccurate times.
  • Supply counts are checked every 10 seconds.